 Dungeon Crawl Stone Soup version 0.30-a0-800-g7c544603b3 (webtiles) character file.

Game seed: 8935451496852286336

1484 Hubris850 the Ruffian (level 8, -5/53 HPs)
             Began as a Pale Draconian Transmuter on Feb 22, 2023.
             Was an Elder of Hepliaklqana.
             Slain by a lemure (8 damage)
             ... led by Pikel
             ... on level 5 of the Dungeon.
             The game lasted 00:13:38 (3900 turns).

Hubris850 the Ruffian (Pale Draconian Transmuter)   Turns: 3900, Time: 00:13:39

Health: -5/53      AC:  6    Str: 16    XL:     8   Next: 50%
Magic:  9/14       EV: 12    Int: 13    God:    Hepliaklqana [****..]
Gold:   238        SH:  0    Dex: 11    Spells: 7/16 levels left

rFire   . . .      SeeInvis .      - Unarmed
rCold   . . .      Faith    .    (no shield)
rNeg    . . .      Spirit   .    (body armour unavailable)
rPois   .          Reflect  .    (helmet currently unavailable)
rElec   .          Harm     .    (no cloak)
rCorr   .          Rampage  .    (no gloves)
Will    .....                    (boots currently unavailable)
Stlth   +                        g - amulet of regeneration
HPRegen 1.08/turn                (no ring)
MPRegen 0.14/turn                (no ring)

@: appendages (expiring), wereblooded, very slightly contaminated
A: horns 2, talons 2, reduced essence, breathe steam, AC +6, unfitting armour,
cold-blooded, steam resistance
a: Breathe Steam, End Transformation, Renounce Religion, Recall Ancestor,
Ancestor Identity, Transference, Idealise


You were on level 5 of the Dungeon.
You worshipped Hepliaklqana.
Hepliaklqana was greatly pleased with you.
You had temporarily grown beastly horns and talons.
You visited 1 branch of the dungeon, and saw 5 of its levels.

You collected 238 gold pieces.

Inventory:

Hand Weapons
 c - a +0 short sword
 n - the +9 hand axe of Yggaus {heavy, rF+}
   (You found it on level 2 of the Dungeon)

   rF:        It protects you from fire.
 q - the +5 short sword of Duun {freeze, *Rage Fragile rC+++ rN+++}
   (You found it on level 3 of the Dungeon)

   rC:        It renders you almost immune to cold.
   rN:        It renders you almost immune to negative energy.
   *Rage:     It berserks you when you make melee attacks (+20% chance).
   Fragile:   It will be destroyed if unequipped.
 t - a +4 falchion of freezing
Missiles
 i - 15 poisoned darts
 r - 3 curare-tipped darts
 w - 5 javelins
Jewellery
 g - an amulet of regeneration (around neck)
 k - an amulet of reflection
Wands
 p - a wand of roots (2)
Scrolls
 b - 2 scrolls of silence {unknown}
 d - 2 scrolls of enchant armour {unknown}
 f - 2 scrolls of teleportation {unknown}
 m - 3 scrolls of identify {unknown}
 s - a scroll of butterflies {unknown}
 v - a scroll of blinking {unknown}
 x - a scroll of enchant weapon {unknown}
 y - 2 scrolls of brand weapon {unknown}
 C - a scroll of fog {unknown}
Potions
 a - 4 potions of lignification
 e - a potion of flight {unknown}
 h - 2 potions of haste {unknown}
 j - 2 potions of attraction {unknown}
 l - 2 potions of mutation {unknown}
 o - 3 potions of curing {unknown}
 u - 2 potions of resistance {unknown}
 z - a potion of brilliance {unknown}
 A - 2 potions of might {unknown}
 B - a potion of heal wounds {unknown}


   Skills:
 - Level 1.1 Fighting
 - Level 1.7 Dodging
 - Level 7.0 Unarmed Combat
 + Level 4.5 Spellcasting
 + Level 4.9 Transmutations
 + Level 4.3 Ice Magic
 + Level 3.0 Earth Magic


You had 7 spell levels left.
You knew the following spells:

 Your Spells              Type           Power      Damage    Failure   Level
a - Beastly Appendage     Tmut           30%        N/A       2%          1
b - Wereblood             Tmut           15%        N/A       4%          2
c - Ice Form              Ice/Tmut       14%        N/A       28%         4
d - Passwall              Tmut/Erth      10%        N/A       6%          2

Your spell library contained the following spells:

 Spells                   Type           Power      Damage    Failure   Level
 Sandblast                Erth           20%        2d7       5%          1
 Spider Form              Tmut/Pois      9%         N/A       22%         3
 Stone Arrow              Conj/Erth      12%        3d7       32%         3
 Gell's Gravitas          Tloc           2%         N/A       52%         3
 Kindle Blastsparks       Fire/Tloc/Air  4%         2d10      52%         3
 Teleport Other           Tloc           2%         N/A       52%         3
 Lee's Rapid Deconstruct  Erth           5%         3d6*      83%         5
 Fulminant Prism          Conj/Hex       1%         3d5       89%         4
 Iskenderun's Mystic Bla  Conj/Tloc      2%         2d3       89%         4
 Freezing Cloud           Conj/Ice/Air   3%         6-21      97%         5
 Dispersal                Tloc           1%         N/A       100%        6
 Simulacrum               Ice/Necr       4%         N/A       100%        6
 Polar Vortex             Ice            7%         N/A       100%        9


Dungeon Overview and Level Annotations

Branches:
Dungeon (5/15)             Temple (0/1) D:5

Altars:
Hepliaklqana
Vehumet
Wu Jian
Zin

Shops:
D:5 [

Annotations:
D:4 exclusion: statue
D:5 Pikel


Innate Abilities, Weirdness & Mutations

You have temporarily grown beastly horns and talons.
Your life essence is reduced to manifest your ancestor. (-10% HP)
You can breathe blasts of scalding, opaque steam.
Your pale cyan-grey scales are hard. (AC +6)
You cannot fit into any form of body armour.
You are cold-blooded and may be slowed by cold attacks.
You are immune to the effects of steam.


Message History

Multicoloured lights dance before your eyes.
Your transformation is almost over.
Agathocles is no longer covered in acid.
An iguana comes into view.
The lemure hits you.
Agathocles casts a spell at the lemure.
The stone arrow hits the lemure!
A hound comes into view.
Agathocles misses the lemure.
Pikel hits you with a +2 whip of electrocution.
You are electrocuted!
You closely miss Pikel.
The hound barks!
Your kick misses Pikel. The lemure hits you.
Agathocles closely misses the lemure.
Pikel hits you with a +2 whip of electrocution.
The lemure hits you.
You hit Pikel but do no damage. You claw Pikel, but do no damage.
Your headbutt misses Pikel. You tail-slap Pikel, but do no damage.
You punch Pikel.
Pikel is lightly wounded.
Pikel hits you with a +2 whip of electrocution!
The lemure hits you!
* * * LOW HITPOINT WARNING * * *
Agathocles points at the lemure and mumbles some strange words.
The stone arrow misses the lemure.
The lemure barely misses you. The lemure completely misses you.
You barely miss the lemure. You tail-slap the lemure.
The lemure is lightly wounded.
The lemure hits you.
* * * LOW HITPOINT WARNING * * *
The iguana bites you but does no damage.
The lemure misses you. The lemure hits you.
* * * LOW HITPOINT WARNING * * *
Pikel hits you with a +2 whip of electrocution!
* * * LOW HITPOINT WARNING * * *
Agathocles barely misses the lemure.
The lemure attacks as you move away! The lemure completely misses you.
The lemure hits you!
You die...

....#..............#
######.###...##(...+
..####.###...##....# #
..#................# ..
).#..........####### ...
..#..........##....##....
..#...........'.R........
..#...........#.55K......
..###..##'#####.@.5......
#####'###...<##..l.##..##
....#........##.h..# .#
....#...#....##....#
....'...#.....#.....
##.########..##......
##.###.####..##.......
#.........#..##....##..
#.........#..#


You could see the friendly Agathocles the battlemage, Pikel, 3 lemures, an
iguana and a hound.

Vanquished Creatures
  Sigmund (D:2)
  Edmund (D:5)
  A black bear (D:5)
  A phantom (D:5)
  A kobold brigand (D:3)
  A scorpion (D:4)
  A jelly (D:5)
  2 orc priests (D:4)
  An iguana (D:5)
  10 adders
  A white imp (D:5)
  An ufetubus (D:5)
  A worm (D:3)
  2 dart slugs
  9 ball pythons
  6 bats
  10 endoplasms
  5 goblins
  8 hobgoblins
  10 kobolds
  2 quokkas
  5 frilled lizards
  7 rats
87 creatures vanquished.

Vanquished Creatures (collateral kills)
  Menkaure (D:5)
  A black bear (D:5)
  2 ogres
  A lemure (D:5)
  A kobold brigand (D:3)
  A jelly (D:4)
  3 iguanas
  An orc wizard (D:4)
  A dart slug (D:1)
  2 orcs (D:4)
  4 ball pythons
  2 endoplasms
  A hobgoblin (D:3)
  7 kobolds
  A frilled lizard (D:3)
29 creatures vanquished.

Grand Total: 116 creatures vanquished

Notes
Turn   | Place    | Note
-------+----------+-------------------------------------------
     0 | D:1      | Hubris850 the Draconian Transmuter began the quest for the
                  | Orb.
     0 | D:1      | Reached XP level 1. HP: 16/16 MP: 3/3
    60 | D:1      | Reached XP level 2. HP: 17/23 MP: 5/5
    90 | D:1      | Found a faded altar of an unknown god.
   114 | D:1      | Prayed at the altar of an unknown god.
   114 | D:1      | Became a worshipper of Hepliaklqana the Forgotten
   114 | D:1      | Reached * piety under Hepliaklqana
   213 | D:1      | Reached skill level 4 in Unarmed Combat
   350 | D:1      | Reached XP level 3. HP: 25/25 MP: 6/6
   711 | D:2      | Reached skill level 5 in Unarmed Combat
   711 | D:2      | Reached XP level 4. HP: 31/31 MP: 5/7
   793 | D:2      | Noticed Sigmund
   972 | D:2      | Identified the +9 hand axe of Yggaus {heavy, rF+}
  1038 | D:2      | Reached ** piety under Hepliaklqana
  1039 | D:2      | Remembered your ancestor Agathocles as a battlemage
  1441 | D:2      | Learned a level 2 spell: Wereblood
  1457 | D:2      | Killed Sigmund
  1458 | D:2      | Reached skill level 6 in Unarmed Combat
  1458 | D:2      | Reached XP level 5. HP: 17/36 MP: 8/8
  1458 | D:2      | Reached XP level 6. HP: 20/42 MP: 9/9
  1544 | D:3      | Identified the +5 short sword of Duun {freeze, *Rage
                  | Fragile rC+++ rN+++}
  1588 | D:3      | Reached skill level 7 in Unarmed Combat
  1599 | D:3      | Reached skill level 1 in Ice Magic
  2210 | D:3      | Reached *** piety under Hepliaklqana
  2607 | D:4      | Your scales start taking on a pale cyan-grey colour.
  2607 | D:4      | Reached XP level 7. HP: 32/46 MP: 6/11
  2607 | D:4      | Gained mutation: You are immune to the effects of steam.
                  | [Pale Draconian growth]
  2693 | D:4      | Learned a level 4 spell: Ice Form
  2696 | D:4      | Learned a level 2 spell: Passwall
  2865 | D:4      | Found a radiant altar of Vehumet.
  3443 | D:5      | Entered Level 5 of the Dungeon
  3472 | D:5      | Reached skill level 1 in Earth Magic
  3486 | D:5      | Reached **** piety under Hepliaklqana
  3512 | D:5      | Noticed Menkaure
  3527 | D:5      | Killed Menkaure
  3528 | D:5      | Reached XP level 8. HP: 29/53 MP: 8/14
  3584 | D:5      | Noticed Edmund
  3591 | D:5      | Killed Edmund
  3627 | D:5      | Found a staircase to the Ecumenical Temple.
  3718 | D:5      | Found a glowing silver altar of Zin.
  3718 | D:5      | Found an ornate altar of the Wu Jian Council.
  3730 | D:5      | Found Agiydank's Antique Armour Shop.
  3892 | D:5      | Noticed Pikel
  3899 | D:5      | HP: 2/53 [Pikel/+2 whip of electrocution (7)]
  3900 | D:5      | Slain by a lemure

Illustrated notes

Levels and vault maps discovered:
D:1:      dpeg_arrival_erosion, layout_rooms, basic_ecumenical_altar
D:2:      layout_loops_ring, uniq_sigmund
D:3:      cheibrodos_thug_alley, layout_loops_corners
D:4:      layout_basic, vehumet_statue
D:5:      layout_gridville, chequers_temple_overflow_statue_of_worship,
          minmay_temple_entry_overgrown, serial_shops, nicolae_lakefront_shop,
          uniq_pikel, uniq_menkaure, uniq_edmund

Skill      XL: |  1  2  3  4  5  6  7  8 |
---------------+-------------------------+-----
Unarmed Combat | 4 5 6 7 |  7.0
Ice Magic      | 2 3 4 |  4.3
Transmutations | 3 4 |  4.9
Spellcasting   | 4 |  4.5
Earth Magic    | 2 3 |  3.0
Fighting       | |  1.1
Dodging        | |  1.7

Action                     |  1- 3 |  4- 6 |  7- 9 || total
---------------------------+-------+-------+-------++-------
  Melee: Unarmed           |    22 |    70 |    62 ||   154
         Tailslap          |    15 |    12 |     9 ||    36
         Short sword       |   109 |    21 |       ||   130
         Punch             |     4 |     2 |     4 ||    10
         Headbutt          |     3 |     5 |     3 ||    11
         Kick              |     2 |     4 |     6 ||    12
         Hand axe          |       |     1 |       ||     1
   Cast: Beastly Appendage |     2 |     9 |     6 ||    17
         Wereblood         |       |     3 |     2 ||     5
         Ice Form          |       |       |     1 ||     1
 Invoke: Ancestor Identity |     1 |       |       ||     1
         Ancestor Life: Ba |       |     1 |       ||     1
    Use: Potion            |       |     1 |       ||     1
   Stab: Sleeping          |     1 |       |       ||     1
 Armour: Skin              |    40 |    24 |    12 ||    76
  Dodge: Dodged            |    88 |    61 |    38 ||   187

Table legend: (Time is in decaauts)
 A = Elapsed time spent in this place.
 B = Non-inter-level travel time spent in this place.
 C = Inter-level travel time spent in this place.
 D = Time resting spent in this place.
 E = Time spent auto-exploring this place.
 F = Levels seen in this place.
 G = Mean time per level.
                   A        B        C        D        E       F      G
               +--------+--------+--------+--------+--------+-----+--------+
         Total |   3889 |   3741 |    148 |    161 |   2801 |   5 |  777.8 |
       Dungeon |   3889 |   3741 |    148 |    161 |   2801 |   5 |  777.8 |
               +--------+--------+--------+--------+--------+-----+--------+

Top non-repeatable levels by time:
     D:3: 1029 daAuts
     D:4: 912 daAuts
     D:2: 876 daAuts
     D:1: 619 daAuts
     D:5: 452 daAuts
